NYP
CINCINNATI (NYP) REDS @ TRI-CITY DUST DEVILS
04/29/2045
 
TOP OF THE 1ST
Cincinnati (NYP) Reds batting - Pitching for Tri-City Dust Devils : RHP Antonio Reyes
Pitching: RHP Antonio Reyes
Batting: LHB Phil Lomax 0-0: Ball
1-0: Ground out 4-3 (Groundball, 4, EV 108.1 MPH)
Batting: RHB Ben Hinman 0-0: Ball
1-0: Called Strike
1-1: Ground out U3 (Groundball, 34S, EV 82.5 MPH)
Batting: LHB David Moore 0-0: Ball
1-0: Called Strike
1-1: Swinging Strike
1-2: Ball
2-2: Ball
3-2: Ground out 4-3 (Groundball, 4, EV 103.1 MPH)
Top of the 1st over - 0 runs, 0 hits, 0 errors, 0 left on base; Cincinnati (NYP) 0 - Tri-City 0
BOTTOM OF THE 1ST
Tri-City Dust Devils batting - Pitching for Cincinnati (NYP) Reds : RHP Jesus Gallegos
Pitching: RHP Jesus Gallegos
Batting: RHB Wally Cangro 0-0: Called Strike
0-1: Fly out, F8 (Flyball, 8RM, EV 96.9 MPH)
Batting: SHB Ryohei Nakano 0-0: Ball
1-0: Ball
2-0: SINGLE (Groundball, 4M, EV 106.3 MPH) (infield hit)
Batting: LHB Corey Lewis 0-0: Ball
Ryohei Nakano is caught stealing 2nd base 2-6
1-0: Foul Ball, location: 2F
1-1: Called Strike
1-2: Foul Ball, location: 2F
1-2: Foul Ball, location: 2F
1-2: Foul Ball, location: 2F
1-2: Ball
2-2: Fly out, F8 (Flyball, 8RD, EV 84.4 MPH)
Bottom of the 1st over - 0 runs, 1 hit, 0 errors, 0 left on base; Cincinnati (NYP) 0 - Tri-City 0
TOP OF THE 2ND
Cincinnati (NYP) Reds batting - Pitching for Tri-City Dust Devils : RHP Antonio Reyes
Batting: RHB Tony Diaz 0-0: Ball
1-0: Foul Ball, location: 2F
1-1: Ball
2-1: Called Strike
2-2: Ball
3-2: Base on Balls
Batting: RHB Jordan Torres 0-0: Ball
1-0: Swinging Strike
1-1: Grounds into double play, 6-4-3 (Groundball, 6S, EV 85.6 MPH)
Batting: RHB Frank Moron 0-0: Ball
1-0: Foul Ball, location: 2F
1-1: Foul Ball, location: 2F
1-2: Foul Ball, location: 2F
1-2: Fly out, F8 (Line Drive, 8LM, EV 90.6 MPH)
Top of the 2nd over - 0 runs, 0 hits, 0 errors, 0 left on base; Cincinnati (NYP) 0 - Tri-City 0
BOTTOM OF THE 2ND
Tri-City Dust Devils batting - Pitching for Cincinnati (NYP) Reds : RHP Jesus Gallegos
Batting: SHB Josh Parker 0-0: Ball
1-0: Called Strike
1-1: Ball
2-1: Swinging Strike
2-2: Foul Ball, location: 2F
2-2: Ball
3-2: Strikes out swinging
Batting: RHB Tom Tate 0-0: Swinging Strike
0-1: SINGLE (Groundball, 6MD, EV 103.8 MPH)
Batting: RHB Jeremy Mercer 0-0: Foul Ball, location: 2F
0-1: Ball
1-1: Fly out, F5 (Line Drive, 5, EV 72.5 MPH)
Batting: LHB Rogelio Nunez 0-0: SINGLE (Groundball, 5D, EV 95.6 MPH)
Tom Tate to second
Batting: RHB Ron Major 0-0: Called Strike
0-1: Ball
1-1: Ground out 4-3 (Groundball, 4M, EV 96.9 MPH)
Bottom of the 2nd over - 0 runs, 2 hits, 0 errors, 2 left on base; Cincinnati (NYP) 0 - Tri-City 0
TOP OF THE 3RD
Cincinnati (NYP) Reds batting - Pitching for Tri-City Dust Devils : RHP Antonio Reyes
Batting: RHB Pat Mage 0-0: Called Strike
0-1: Called Strike
0-2: Ball
1-2: Ball
2-2: Foul Ball, location: 2F
2-2: SINGLE (Groundball, 34D, EV 98.8 MPH)
Batting: LHB James Himes 0-0: Called Strike
Pat Mage steals 2nd base
0-1: Foul Ball, location: 2F
0-2: Ball
1-2: Foul Ball, location: 2F
1-2: Foul Ball, location: 2F
1-2: Ball
2-2: Strikes out swinging
Batting: RHB Pete Orban 0-0: Ball
1-0: Ball
2-0: Ball
3-0: Called Strike
3-1: Called Strike
3-2: Strikes out swinging
Batting: LHB Phil Lomax 0-0: Ball
Wild Pitch!
Pat Mage to third
1-0: Swinging Strike
1-1: SINGLE (Groundball, 15S, EV 69.4 MPH) (infield hit)
Pat Mage scores
Batting: RHB Ben Hinman 0-0: Called Strike
Phil Lomax steals 2nd base
0-1: Ball
1-1: Fly out, F7 (Flyball, 7LM, EV 88.8 MPH)
Top of the 3rd over - 1 run, 2 hits, 0 errors, 1 left on base; Cincinnati (NYP) 1 - Tri-City 0
BOTTOM OF THE 3RD
Tri-City Dust Devils batting - Pitching for Cincinnati (NYP) Reds : RHP Jesus Gallegos
Batting: RHB Stephon Hill 0-0: Called Strike
0-1: Ball
1-1: Foul Ball, location: 2F
1-2: Foul Ball, location: 2F
1-2: Strikes out swinging
Batting: RHB Wally Cangro 0-0: Ball
1-0: Foul Ball, location: 2F
1-1: Ball
2-1: Ball
3-1: Reached on error, E6 (Groundball, 6, EV 101.3 MPH)
Batting: SHB Ryohei Nakano 0-0: Ball
1-0: Called Strike
Wally Cangro steals 2nd base
1-1: Ball
2-1: Foul Ball, location: 2F
2-2: Ground out 4-3 (Groundball, 4, EV 86.3 MPH)
Wally Cangro to third
Batting: LHB Corey Lewis 0-0: Ball
1-0: Swinging Strike
1-1: Foul Ball, location: 2F
1-2: Ball
2-2: Strikes out swinging
Bottom of the 3rd over - 0 runs, 0 hits, 1 error, 1 left on base; Cincinnati (NYP) 1 - Tri-City 0
TOP OF THE 4TH
Cincinnati (NYP) Reds batting - Pitching for Tri-City Dust Devils : RHP Antonio Reyes
Batting: LHB David Moore 0-0: Foul Ball, location: 2F
0-1: Foul Ball, location: 2F
0-2: DOUBLE (Flyball, 8RXD, EV 102.5 MPH)
Batting: RHB Tony Diaz 0-0: Foul Ball, location: 2F
0-1: Ball
1-1: Swinging Strike
1-2: Strikes out swinging
Batting: RHB Jordan Torres 0-0: Called Strike
0-1: Ground out 6-3 (Groundball, 6, EV 81.9 MPH)
Batting: RHB Frank Moron 0-0: Called Strike
0-1: Called Strike
0-2: Ball
1-2: Ball
2-2: Strikes out swinging
Top of the 4th over - 0 runs, 1 hit, 0 errors, 1 left on base; Cincinnati (NYP) 1 - Tri-City 0
BOTTOM OF THE 4TH
Tri-City Dust Devils batting - Pitching for Cincinnati (NYP) Reds : RHP Jesus Gallegos
Batting: SHB Josh Parker 0-0: Ground out 6-3 (Groundball, 6M, EV 101.3 MPH)
Batting: RHB Tom Tate 0-0: Ball
1-0: Foul Ball, location: 2F
1-1: Ball
2-1: Swinging Strike
2-2: Strikes out looking
Batting: RHB Jeremy Mercer 0-0: Ground out 4-3 (Groundball, 4, EV 83.1 MPH)
Bottom of the 4th over - 0 runs, 0 hits, 0 errors, 0 left on base; Cincinnati (NYP) 1 - Tri-City 0
TOP OF THE 5TH
Cincinnati (NYP) Reds batting - Pitching for Tri-City Dust Devils : RHP Antonio Reyes
Batting: RHB Pat Mage 0-0: Ground out U3 (Groundball, 34, EV 110.6 MPH)
Batting: LHB James Himes 0-0: Ball
1-0: Called Strike
1-1: Foul Ball, location: 2F
1-2: Strikes out swinging
Batting: RHB Pete Orban 0-0: Called Strike
0-1: Fly out, F9 (Flyball, 89D, EV 95.6 MPH)
Top of the 5th over - 0 runs, 0 hits, 0 errors, 0 left on base; Cincinnati (NYP) 1 - Tri-City 0
BOTTOM OF THE 5TH
Tri-City Dust Devils batting - Pitching for Cincinnati (NYP) Reds : RHP Jesus Gallegos
Batting: LHB Rogelio Nunez 0-0: Ball
1-0: Called Strike
1-1: Ball
2-1: Swinging Strike
2-2: Strikes out swinging
Batting: RHB Ron Major 0-0: Ball
1-0: Foul Ball, location: 2F
1-1: Ball
2-1: Foul Ball, location: 2F
2-2: Strikes out swinging
Batting: RHB Stephon Hill 0-0: Ball
1-0: Ball
2-0: Foul Ball, location: 2F
2-1: Ground out 4-3 (Groundball, 4, EV 85.0 MPH)
Bottom of the 5th over - 0 runs, 0 hits, 0 errors, 0 left on base; Cincinnati (NYP) 1 - Tri-City 0
TOP OF THE 6TH
Cincinnati (NYP) Reds batting - Pitching for Tri-City Dust Devils : RHP Antonio Reyes
Batting: LHB Phil Lomax 0-0: Called Strike
0-1: Fly out, F4 (Line Drive, 4, EV 71.3 MPH)
Batting: RHB Ben Hinman 0-0: Ball
1-0: Foul Ball, location: 2F
1-1: Called Strike
1-2: Foul Ball, location: 2F
1-2: Foul Ball, location: 2F
1-2: Fly out, F4 (Popup, 3S, EV 76.3 MPH)
Batting: LHB David Moore 0-0: Ball
1-0: Foul Ball, location: 2F
1-1: Foul Ball, location: 2F
1-2: Strikes out swinging
Top of the 6th over - 0 runs, 0 hits, 0 errors, 0 left on base; Cincinnati (NYP) 1 - Tri-City 0
BOTTOM OF THE 6TH
Tri-City Dust Devils batting - Pitching for Cincinnati (NYP) Reds : RHP Jesus Gallegos
Batting: RHB Wally Cangro 0-0: Ball
1-0: Ball
2-0: Called Strike
2-1: Swinging Strike
2-2: Strikes out swinging
Batting: SHB Ryohei Nakano 0-0: Ball
1-0: Called Strike
1-1: Foul Ball, location: 2F
1-2: Fly out, F7 (Flyball, 7D, EV 101.9 MPH)
Batting: LHB Corey Lewis 0-0: Ball
1-0: Called Strike
1-1: Called Strike
1-2: SINGLE (Line Drive, 6D, EV 94.4 MPH)
Batting: SHB Josh Parker 0-0: Called Strike
Corey Lewis steals 2nd base
0-1: Ball
Wild Pitch!
Corey Lewis to third
1-1: Ball
2-1: Ball
3-1: SINGLE (Groundball, 25, EV 64.4 MPH) (infield hit)
Corey Lewis scores
Batting: RHB Tom Tate 0-0: Ball
1-0: Ball
2-0: Called Strike
2-1: Foul Ball, location: 2F
2-2: Strikes out swinging
Bottom of the 6th over - 1 run, 2 hits, 0 errors, 1 left on base; Cincinnati (NYP) 1 - Tri-City 1
TOP OF THE 7TH
Cincinnati (NYP) Reds batting - Pitching for Tri-City Dust Devils : RHP Antonio Reyes
Pitching: RHP Dave Waterman
Batting: RHB Tony Diaz 0-0: Ball
1-0: Ball
2-0: Swinging Strike
2-1: Ball
3-1: Base on Balls
Batting: RHB Jordan Torres 0-0: Ball
1-0: Foul Ball, location: 2F
1-1: Called Strike
1-2: SINGLE (Line Drive, 78M, EV 112.5 MPH)
Tony Diaz to second
Pinch Runner at 2nd Danny Pontius:
Batting: RHB Frank Moron 0-0: Ball
1-0: Called Strike
1-1: Foul Ball, location: 2F
1-2: Ball
2-2: Ball
3-2: Foul Ball, location: 2F
3-2: Foul Ball, location: 2F
3-2: Foul Ball, location: 2F
3-2: Strikes out swinging
Jordan Torres steals 2nd base
Danny Pontius steals 3rd base
Batter strikes out.
Batting: RHB Pat Mage 0-0: Intentional Walk
Pitching: LHP Kentaro Shimasaki
Batting: LHB James Himes 0-0: Called Strike
0-1: Swinging Strike
0-2: Ball
1-2: Foul Ball, location: 2F
1-2: Ball
2-2: Ball
3-2: Strikes out swinging
Pitching: LHP Kenny Cohn
Batting: RHB Pete Orban 0-0: Swinging Strike
0-1: Swinging Strike
0-2: Ball
1-2: Strikes out looking
Top of the 7th over - 0 runs, 1 hit, 0 errors, 3 left on base; Cincinnati (NYP) 1 - Tri-City 1
BOTTOM OF THE 7TH
Tri-City Dust Devils batting - Pitching for Cincinnati (NYP) Reds : RHP Jesus Gallegos
Now in LF: Logan Smith
Pinch Hitting: LHB James Sousa 0-0: Ball
1-0: Ball
2-0: Ball
3-0: Called Strike
3-1: Base on Balls
Batting: LHB Rogelio Nunez Balk!
James Sousa to second
0-0: Intentional Walk
Pinch Hitting: LHB Angel Mejia 0-0: Sac Bunt to 25 - play at first, batter OUT! 5-4
James Sousa to third
Rogelio Nunez to second
Batting: RHB Stephon Hill 0-0: Called Strike
0-1: SINGLE (Line Drive, 4D, EV 95.6 MPH)
James Sousa scores
Rogelio Nunez to third
Runner from 3rd tries for Home, SAFE, throw by RF to home
Batting: RHB Wally Cangro 0-0: Ball
1-0: Foul Ball, location: 2F
1-1: Ball
2-1: Foul Ball, location: 2F
2-2: Ball
3-2: Base on Balls
Stephon Hill to second
Batting: SHB Ryohei Nakano 0-0: Ball
1-0: Ball
2-0: Ball
3-0: Called Strike
3-1: Base on Balls
Stephon Hill to third
Wally Cangro to second
Batting: LHB Corey Lewis 0-0: Ball
1-0: Ball
Wild Pitch!
Stephon Hill scores
Wally Cangro to third
Ryohei Nakano to second
2-0: Called Strike
2-1: Foul Ball, location: 2F
2-2: Foul Ball, location: 2F
2-2: Ground out 6-3 (Groundball, 4M, EV 88.1 MPH)
Wally Cangro scores
Ryohei Nakano to third
Pitching: RHP Alex Palacios
Batting: SHB Josh Parker 0-0: Ball
1-0: Ball
2-0: Fly out, F8 (Flyball, 8RD, EV 91.3 MPH)
Bottom of the 7th over - 4 runs, 1 hit, 0 errors, 1 left on base; Cincinnati (NYP) 1 - Tri-City 5
TOP OF THE 8TH
Cincinnati (NYP) Reds batting - Pitching for Tri-City Dust Devils : LHP Kenny Cohn
Now at 2B: Angel Mejia
Now at 3B: Ryohei Nakano
Now at SS: Bryan Pitcher
Batting: LHB Phil Lomax 0-0: Called Strike
0-1: Ball
1-1: Swinging Strike
1-2: Foul Ball, location: 2F
1-2: DOUBLE (Line Drive, 5D, EV 102.5 MPH)
Batting: RHB Ben Hinman 0-0: Ball
1-0: Ball
2-0: Ball
3-0: Called Strike
3-1: Foul Ball, location: 2F
3-2: 2-RUN HOME RUN (Flyball, 78XD, EV 101.9 MPH), Distance : 391 ft
Batting: LHB David Moore 0-0: Ball
1-0: Ground out 5-3 (Groundball, 56, EV 91.9 MPH)
Batting: RHB Logan Smith 0-0: Swinging Strike
0-1: Foul Ball, location: 2F
0-2: Foul Ball, location: 2F
0-2: Strikes out swinging
Batting: RHB Jordan Torres 0-0: Ball
1-0: Ball
2-0: Ball
3-0: Base on Balls
Batting: RHB Frank Moron 0-0: Ball
1-0: Called Strike
1-1: Ball
2-1: Ball
3-1: Foul Ball, location: 2F
3-2: SINGLE (Groundball, 56D, EV 102.5 MPH)
Jordan Torres to second
Jordan Torres to third
Pitching: LHP Alex Pulido
Batting: RHB Pat Mage 0-0: Ball
1-0: Called Strike
1-1: Ball
Passed Ball!
Jordan Torres scores
Frank Moron to second
2-1: TRIPLE (Line Drive, 78XD, EV 102.5 MPH)
Frank Moron scores
Batting: LHB James Himes 0-0: Called Strike
0-1: SINGLE (Groundball, 4M, EV 103.1 MPH) (infield hit)
Pat Mage scores
Batting: RHB Pete Orban 0-0: Called Strike
0-1: Called Strike
0-2: Strikes out looking
Top of the 8th over - 5 runs, 5 hits, 0 errors, 1 left on base; Cincinnati (NYP) 6 - Tri-City 5
BOTTOM OF THE 8TH
Tri-City Dust Devils batting - Pitching for Cincinnati (NYP) Reds : RHP Alex Palacios
Batting: RHB Tom Tate 0-0: Fly out, F8 (Flyball, 89D, EV 89.4 MPH)
Batting: RHB Bryan Pitcher 0-0: Foul Ball, location: 2F
0-1: Ball
1-1: Foul Ball, location: 2F
1-2: Foul Ball, location: 2F
1-2: Ball
2-2: Ground out 6-3 (Groundball, 56, EV 81.3 MPH)
Batting: LHB Rogelio Nunez 0-0: SINGLE (Line Drive, 56D, EV 101.3 MPH)
Batting: LHB Angel Mejia 0-0: Ball
1-0: SINGLE (Flyball, 9S, EV 95.0 MPH)
Rogelio Nunez to second
Runner from 2nd tries for 3rd, SAFE, throw by RF made to third
Batting: RHB Stephon Hill 0-0: Called Strike
0-1: Ball
1-1: Swinging Strike
1-2: Strikes out swinging
Bottom of the 8th over - 0 runs, 2 hits, 0 errors, 2 left on base; Cincinnati (NYP) 6 - Tri-City 5
TOP OF THE 9TH
Cincinnati (NYP) Reds batting - Pitching for Tri-City Dust Devils : LHP Alex Pulido
Pitching: RHP Angelo Radford
Batting: LHB Phil Lomax 0-0: Ball
1-0: Fly out, F8 (Line Drive, 8RD, EV 95.0 MPH)
Batting: RHB Ben Hinman 0-0: Foul Ball, location: 2F
0-1: Ball
1-1: Foul Ball, location: 2F
1-2: Ball
2-2: Ball
3-2: Ground out 6-3 (Groundball, 6M, EV 81.9 MPH)
Batting: LHB David Moore 0-0: Called Strike
0-1: Ball
1-1: Foul Ball, location: 2F
1-2: Ball
2-2: Fly out, F7 (Flyball, 7S, EV 91.3 MPH)
Top of the 9th over - 0 runs, 0 hits, 0 errors, 0 left on base; Cincinnati (NYP) 6 - Tri-City 5
BOTTOM OF THE 9TH
Tri-City Dust Devils batting - Pitching for Cincinnati (NYP) Reds : RHP Alex Palacios
Pitching: RHP Nick Schweer
Batting: RHB Wally Cangro 0-0: Ball
1-0: Called Strike
1-1: Ball
2-1: Ball
3-1: Swinging Strike
3-2: Ground out 4-3 (Groundball, 4, EV 83.8 MPH)
Batting: SHB Ryohei Nakano 0-0: Called Strike
0-1: Ball
1-1: SINGLE (Flyball, 78S, EV 100.6 MPH)
Batting: LHB Corey Lewis 0-0: 2-RUN HOME RUN (Flyball, 7LD, EV 91.9 MPH), Distance : 333 ft
Bottom of the 9th over - 2 runs, 2 hits, 0 errors, 0 left on base; Cincinnati (NYP) 6 - Tri-City 7
GAME OVER ... TRI
City defeats Cincinnati (NYP), 7 to 6
Wednesday, June 22nd , 2022 - OOTP Baseball 23.4 Build 64